 Seeded DCSS version 0.29.1-1-gd02db6906a (webtiles) character file.

Game seed: 2387645567842811425 (custom seed)

1460 lonewolfV2 the Shield-Bearer (level 8, 0/52 HPs)
             Began as a Gargoyle Fighter on Oct 18, 2022.
             Was an Initiate of Hepliaklqana.
             Slain by a wight
             ... wielding a +2 trident of freezing
              (4 damage)
             ... on level 6 of the Dungeon.
             The game lasted 00:09:03 (4728 turns).

lonewolfV2 the Shield-Bearer (Gargoyle Fighter)     Turns: 4728, Time: 00:09:04

Health: 0/52       AC: 16    Str: 24    XL:     8   Next: 76%
Magic:  8/8        EV: 13    Int:  4    God:    Hepliaklqana [......]
Gold:   349        SH:  7    Dex: 23    Spells: 7/7 levels left

rFire   . . .      SeeInvis .   n - +5 rapier "Noda Redyiz" {vorpal, *Rage Will+++ Str+4 Dex+3}
rCold   . . .      Faith    .   c - +0 buckler
rNeg    + . .      Spirit   .   o - +3 scale mail {rPois}
rPois   ∞          Reflect  .   (no helmet)
rElec   +          Harm     .   (no cloak)
rCorr   .          Rampage  .   (no gloves)
Will    +++..      Rage     20% (no boots)
Stlth   +.........              f - amulet of Tel Ephi {+Inv Regen+ Int-5 Dex+9}
HPRegen 0.97/turn               j - +4 ring of evasion
MPRegen 0.11/turn               (no ring)

@: on berserk cooldown
A: sickness immunity, AC +5, negative energy resistance 1, electricity
resistance, torment resistance 1, petrification resistance
a: Renounce Religion, Evoke Invisibility


You were on level 6 of the Dungeon.
You worshipped Hepliaklqana.
Hepliaklqana was noncommittal.
You visited 2 branches of the dungeon, and saw 7 of its levels.

You collected 349 gold pieces.

Inventory:

Hand Weapons
 a - a +1 flail of freezing
 n - the +5 rapier "Noda Redyiz" (weapon) {vorpal, *Rage Will+++ Str+4 Dex+3}
   (You acquired it on level 2 of the Dungeon)

   It inflicts extra damage upon your enemies.
   Str:       It affects your strength (+4).
   Dex:       It affects your dexterity (+3).
   *Rage:     It berserks you when you make melee attacks (+20% chance).
   Will:      It greatly increases your willpower.
Missiles
 s - 2 throwing nets (quivered)
Armour
 b - a +0 scale mail
 c - a +0 buckler (worn)
 o - a +3 scale mail of poison resistance (worn)
Jewellery
 f - the amulet of Tel Ephi (around neck) {+Inv Regen+ Int-5 Dex+9}
   (You acquired it on level 1 of the Dungeon)

   [amulet of regeneration]

   Int:       It affects your intelligence (-5).
   Dex:       It affects your dexterity (+9).
   +Inv:      It lets you turn invisible.
   Regen:     It increases your rate of health regeneration.
 j - a +4 ring of evasion (left hand)
 m - a ring of protection from cold
 p - a +6 ring of dexterity
 u - a ring of protection from cold
Wands
 A - a wand of iceblast (6)
Scrolls
 e - 7 scrolls of teleportation
 l - a scroll of blinking {unknown}
 y - a scroll of amnesia
 z - a scroll of summoning
Potions
 d - a potion of might
 g - 2 potions of curing
 h - a potion of lignification {unknown}
 i - a potion of haste {unknown}
 k - a potion of magic {unknown}
 q - 3 potions of flight
 r - a potion of cancellation
 t - a potion of degeneration {unknown}
 x - a potion of mutation {unknown}


   Skills:
 + Level 6.6 Fighting
 + Level 5.6 Maces & Flails
 + Level 6.6 Armour
 + Level 6.6 Shields


You had 7 spell levels left.
You didn't know any spells.
Your spell library contained the following spells:

 Spells                   Type           Power      Damage    Failure   Level
 Confusing Touch          Hex            0%         N/A       99%         3
 Gell's Gravitas          Tloc           0%         N/A       99%         3
 Lesser Beckoning         Tloc           0%         N/A       99%         3
 Teleport Other           Tloc           0%         N/A       99%         3
 Yara's Violent Unravell  Hex/Tmut       0%         3d3       100%        5
 Enfeeble                 Hex            0%         N/A       100%        7


Dungeon Overview and Level Annotations

Branches:
Dungeon (6/15)             Temple (1/1) D:4

Altars:
Ashenzari
Cheibriados
Dithmenos
Elyvilon
Fedhas
Hepliaklqana
Kikubaaqudgha
Nemelex Xobeh
Okawaru
Qazlal
Ru
Sif Muna
Trog
Uskayaw
Wu Jian
Yredelemnul

Shops:
D:3 *   D:5 [


Innate Abilities, Weirdness & Mutations

You are immune to sickness and miasma.
Your stone body is resilient. (AC +5)
You are immune to poison.
You resist negative energy. (rN+)
You are resistant to electric shocks. (rElec)
You are resistant to unholy torment.
You are immune to petrification.


Message History

You block the spectral bullfrog's attack.
You block the bullfrog skeleton's attack.
The bullfrog zombie hits you.
* * * LOW HITPOINT WARNING * * *
The wight closely misses you. The phantom closely misses you.
You feel better.
The spectral bullfrog hits you but does no damage.
The bullfrog skeleton barely misses you.
The bullfrog zombie barely misses you. The wight barely misses you.
The phantom closely misses you.
The spectral bullfrog hits you but does no damage.
The bullfrog skeleton closely misses you.
The bullfrog zombie hits you but does no damage.
You barely miss the phantom.
You hear the brisk hiss of an avalanche of sand nearby.
You block the spectral bullfrog's attack.
The bullfrog skeleton misses you.
The bullfrog zombie hits you but does no damage.
The wight closely misses you. The phantom completely misses you.
The spectral bullfrog hits you but does no damage.
The bullfrog skeleton hits you but does no damage.
The bullfrog zombie hits you.
The wight hits you from afar with a +2 trident of freezing.
The wight freezes you. The phantom hits you.
* * * LOW HITPOINT WARNING * * *
The phantom blinks!
You blink.
You block the spectral bullfrog's attack.
You hit the bullfrog zombie.
The bullfrog zombie is lightly damaged.
You feel yourself speed up. You block the bullfrog zombie's attack.
The spectral bullfrog hits you.
* * * LOW HITPOINT WARNING * * *
You block the wight's attack. The phantom barely misses you.
The bullfrog skeleton hits you but does no damage.
The spectral bullfrog hits you but does no damage.
The bullfrog zombie barely misses you.
The wight hits you from afar with a +2 trident of freezing!
* * * LOW HITPOINT WARNING * * *
The wight freezes you.
You die...

#.#
#.#.####.##.#.####
..# #.#.##
#....#.#
#.#..♣♣♣♣♣###.#
#.#..))..♣♣♣..#
#.#♣.)†....♣♣♣♣
#.#♣♣Z.......P♣♣
♣♣♣♣♣z....P♣
♣ZZ..♣♣ ♣@Z).P♣
♣.W8.P♣ ♣♣.P.♣♣
♣♣♣P♣ ♣♣


You could see a spectral bullfrog, a phantom, a wight, a bullfrog zombie and a
bullfrog skeleton.

Vanquished Creatures
  An ice beast (D:5)
  2 phantoms (D:5)
  A necrophage (D:6)
  A spectral wyvern (D:6)
  2 scorpions (D:5)
  8 wights (D:6)
  2 orc priests (D:4)
  2 hounds (D:5)
  2 orc wizards (D:4)
  3 iguanas
  13 gnolls
  6 adders
  A shadow imp (D:5)
  2 ufetubi
  A worm (D:4)
  6 dart slugs
  10 orcs
  8 endoplasms
  6 giant cockroaches
  9 goblins
  6 hobgoblins
  7 jackals
  9 kobolds
  6 quokkas
  6 ball pythons
  6 bats
  3 frilled lizards
  6 rats
135 creatures vanquished.

Vanquished Creatures (others)
  16 withered plants (D:6)
16 creatures vanquished.

Grand Total: 151 creatures vanquished

Notes
Turn   | Place    | Note
-------+----------+-------------------------------------------
     0 | D:1      | lonewolfV2 the Gargoyle Fighter began the quest for the
                  | Orb.
     0 | D:1      | Reached XP level 1. HP: 14/14 MP: 1/1
   632 | D:1      | Reached XP level 2. HP: 19/19 MP: 2/2
   642 | D:1      | Identified a scroll of acquirement
   642 | D:1      | Acquired the amulet of Tel Ephi {+Inv Regen+ Int-5 Dex+9}
   811 | D:1      | Reached XP level 3. HP: 23/23 MP: 3/3
  1232 | D:1      | Found a faded altar of an unknown god.
  1363 | D:2      | Found a sparkling altar of Nemelex Xobeh.
  1374 | D:2      | Acquired the +5 rapier "Noda Redyiz" {vorpal, *Rage Will+++
                  | Str+4 Dex+3}
  1513 | D:2      | Reached XP level 4. HP: 29/29 MP: 4/4
  1616 | D:2      | Reached XP level 5. HP: 30/33 MP: 5/5
  2209 | D:3      | Found a bloodstained altar of Trog.
  2347 | D:3      | Found Ybeonkia's Assorted Antiques.
  2468 | D:3      | Found a sparkling altar of Nemelex Xobeh.
  2617 | D:4      | Reached XP level 6. HP: 39/39 MP: 6/6
  2887 | D:4      | Found an ornate altar of the Wu Jian Council.
  3091 | D:4      | Found a staircase to the Ecumenical Temple.
  3100 | Temple   | Entered the Ecumenical Temple
  3121 | Temple   | Became a worshipper of Hepliaklqana the Forgotten
  3378 | D:5      | Entered Level 5 of the Dungeon
  3402 | D:5      | Reached skill level 5 in Fighting
  3402 | D:5      | Reached skill level 5 in Armour
  3402 | D:5      | Reached skill level 5 in Shields
  3402 | D:5      | Reached XP level 7. HP: 44/44 MP: 7/7
  3581 | D:5      | Found Ufegorgh's Antique Armour Shoppe.
  3598 | D:5      | Reached XP level 8. HP: 51/51 MP: 8/8
  3623 | D:5      | Found an iron altar of Okawaru.
  3842 | D:5      | Found an ancient bone altar of Kikubaaqudgha.
  4350 | D:6      | Found a white marble altar of Elyvilon.
  4482 | D:6      | Found a shadowy altar of Dithmenos.
  4519 | D:6      | Found a shimmering blue altar of Sif Muna.
  4574 | D:6      | Reached skill level 5 in Maces & Flails
  4653 | D:6      | Found a stormy altar of Qazlal.
  4686 | D:6      | Found the +4 dagger "Morg" {pain, Will+ Int+5}
  4721 | D:6      | HP: 2/52 [spectral bullfrog (3)]
  4728 | D:6      | Slain by a wight

Illustrated notes

Levels and vault maps discovered:
D:1:      lemuel_arrival_room, layout_basic, ebering_ecumenical_altar_box
D:2:      layout_loops_ring, serial_rivers, chequers_serial_rivers_micro_e,
          chequers_serial_rivers_micro_b, chequers_serial_rivers_small_3,
          chequers_serial_rivers_micro_c, chequers_serial_rivers_micro_d,
          basic_altar
D:3:      cheibrodos_helix_gallery, layout_rooms, mainiacjoe_overflow_catwalk,
          mainiacjoe_overflow_surrounded_room, serial_shops, shop,
          nrook_mini_backslash
D:4:      layout_rooms, amcnicky_altar_gilded, minmay_temple_entry_nine_rooms,
          glass_columns_a
D:5:      cheibrodos_quashed, layout_basic, mainiacjoe_overflow_alcove_4,
          lemuel_doored_altar, serial_shops, nicolae_shop_trees
D:6:      layout_basic, grunt_gozag_breadcrumbs, elyvilon_altar_5,
          nicolae_tso_carved_into_rock, mainiacjoe_overflow_paths,
          kennysheep_mini, kennysheep_little_box, gup_ossuary_entry_pyramid,
          minmay_misc_feat_iff, minmay_misc_feat_nine_boxes,
          dilly_guarded_unrand_morg
Temple:   nicolae_temple_ecumenical_triangle

Skill      XL: |  1  2  3  4  5  6  7  8 |
---------------+-------------------------+-----
Shields        | 4 5 6 |  6.6
Fighting       | 4 5 6 |  6.6
Armour         | 4 5 6 |  6.6
Maces & Flails | 3 4 5 |  5.6

Action                   |  1- 3 |  4- 6 |  7- 9 || total
-------------------------+-------+-------+-------++-------
Melee: Flail             |    89 |       |       ||    89
       Rapier            |     7 |   158 |   122 ||   287
  Use: Scroll            |     2 |    13 |     5 ||    20
       Potion            |       |       |     5 ||     5
Armor: Scale mail        |    43 |    90 |    86 ||   219
Dodge: Dodged            |    74 |   191 |   163 ||   428
Block: Buckler           |    35 |    92 |    73 ||   200
